 Dungeon Crawl Stone Soup version 0.30.0-29-ga12c61a403 (webtiles) character file.

Game seed: 9019310778241155204

1126 monsoonserge the Twirler (level 8, -2/70 HPs)
             Began as a Minotaur Chaos Knight on June 7, 2023.
             Was a Plaything of Xom.
             Slain by an ice devil (21 damage)
             ... summoned by Xom
             ... on level 4 of the Dungeon.
             The game lasted 00:15:40 (3351 turns).

monsoonserge the Twirler (Minotaur Chaos Knight)    Turns: 3351, Time: 00:15:41

Health: -2/70      AC:  8    Str: 18    XL:     8   Next: 13%
Magic:  7/8        EV: 11    Int: 11    God:    Xom [......]
Gold:   241        SH:  0    Dex: 11    Spells: 6/9 levels left

rFire   . . .        y - +2 quarterstaff (chaos)
rCold   . . .        (shield currently unavailable)
rNeg    . . .        B - +0 ring mail of the Playwright {Fly Int+2}
rPois   .            (helmet currently unavailable)
rElec   .            z - +0 cloak
rCorr   +            w - +0 pair of gloves
SInv    .            b - melded +1 pair of boots
Will    .....        i - amulet of faith
Stlth   +            g - ring of resist corrosion
HPRegen 0.31/turn    (no ring)
MPRegen 0.11/turn

%: faith
@: appendages (expiring), flying, unable to read
A: talons 2, horns 2, retaliatory headbutt, inability to read after injury 1,
noise suppression
a: End Transformation, Renounce Religion


You were on level 4 of the Dungeon.
You worshipped Xom.
You were a very special plaything of Xom.
You had temporarily grown beastly talons.
You visited 2 branches of the dungeon, and saw 5 of its levels.
You also visited: Ossuary.

You collected 241 gold pieces.

Inventory:

Hand Weapons
 a - a +0 hand axe of chaos
 m - a +2 vampiric whip
 x - a +2 spear of venom
 y - a +2 quarterstaff of chaos (weapon)
 C - a +2 flail of holy wrath
 G - a +2 heavy spear
Missiles
 s - 5 poisoned darts (quivered)
 u - 4 boomerangs
 v - 6 javelins
 E - 5 atropa-tipped darts
Armour
 b - a +1 pair of boots (melded)
 w - a +0 pair of gloves (worn)
 z - a +0 cloak (worn)
 B - the +0 ring mail of the Playwright (worn) {Fly Int+2}
   (You found it on level 4 of the Dungeon)

   Int:       It affects your intelligence (+2).
   Fly:       It grants you flight.
 D - a +0 chain mail
Jewellery
 g - a ring of resist corrosion (left hand)
 i - an amulet of faith (around neck)
Wands
 A - a wand of digging (1)
 F - a wand of mindburst (22)
Scrolls
 d - 7 scrolls of identify {unknown}
 e - 2 scrolls of torment {unknown}
 f - a scroll of fog {unknown}
 j - 4 scrolls of teleportation {unknown}
 l - 4 scrolls of noise {unknown}
 o - a scroll of vulnerability {unknown}
 t - a scroll of poison {unknown}
 I - 2 scrolls of fear {unknown}
 J - a scroll of brand weapon {unknown}
Potions
 h - a potion of attraction {unknown}
 k - 3 potions of might {unknown}
 n - a potion of degeneration {unknown}
 p - 3 potions of curing {unknown}
 q - 2 potions of brilliance {unknown}
 r - 2 potions of flight {unknown}
 H - 2 potions of lignification {unknown}
Miscellaneous
 c - a piece from Xom's chessboard (15/15)


   Skills:
 + Level 6.1 Fighting
 + Level 4.1(4.3) Axes
 + Level 0.9(5.2) Maces & Flails
 + Level 0.9(5.2) Polearms
 + Level 7.0(7.1) Staves
 + Level 5.0 Armour
 + Level 3.3 Dodging
 - Level 1.0 Spellcasting
 * Level 2.0 Transmutations


You had 6 spell levels left.
You knew the following spells:

 Your Spells              Type           Power      Damage    Failure   Level
a - Beastly Appendage     Tmut           8%         N/A       24%         1
b - Wereblood             Tmut           4%         N/A       34%         2

Your spell library contained the following spells:

 Spells                   Type           Power      Damage    Failure   Level
 Summon Small Mammal      Summ           0%         N/A       47%         1
 Cigotuvi's Dreadful Rot  Necr/Pois/Air  0%         N/A       63%         2
 Sublimation of Blood     Necr           0%         N/A       63%         2
 Call Canine Familiar     Summ           0%         N/A       85%         3
 Summon Guardian Golem    Hex/Summ       0%         N/A       85%         3
 Dispel Undead            Necr           0%         3d6       99%         4
 Olgreb's Toxic Radiance  Pois           0%         N/A       99%         4
 Death Channel            Necr           0%         N/A       100%        6
 Summon Hydra             Summ           0%         N/A       100%        7


Dungeon Overview and Level Annotations

Branches:
Dungeon (4/15)             Temple (1/1) D:4         Ossuary (visited)

Altars:
Ashenzari
Dithmenos
Gozag
Nemelex Xobeh
Qazlal
Sif Muna
Trog
Vehumet
Wu Jian
Xom
The Shining One
Jiyva

Annotations:
D:3 3 runed translucent doors, Fractals's ghost, amateur OpEE


Innate Abilities, Weirdness & Mutations

You have temporarily grown beastly talons.
You have a pair of horns on your head.
You reflexively headbutt those who attack you in melee.
You occasionally lose the ability to read scrolls when taking damage.
You passively dampen the noise of your surroundings.


Message History

Casting: Beastly Appendage (safe; 24% risk of failure)
Confirm with . or Enter, or press ? or * to list all spells.
Your feet morph into talons.
Your +1 pair of boots melds into your body.
You hit the ice devil but do no damage. You claw the ice devil!
The ice devil is lightly wounded.
The iron imp grinds its teeth.
The iron imp hits you but does no damage.
You barely miss the ice devil.
You claw the ice devil, but do no damage.
Your headbutt misses the ice devil.
The ice devil is lightly wounded.
The ice devil hits you! The ice devil freezes you! The shadow imp hits you.
The iron imp barely misses you. You furiously retaliate!
You headbutt the iron imp. You hit the ice devil but do no damage.
You claw the ice devil.
The ice devil is moderately wounded.
The ice devil hits you! The ice devil freezes you!
The shadow imp disappears for a moment.
The shadow imp barely misses you. You furiously retaliate!
You headbutt the shadow imp. The iron imp misses you.
Unknown command.
Press: ? - help, v - describe, . - travel
Here: an ice devil (moderately wounded, summoned)
The floor.
You barely miss the ice devil. Your kick misses the ice devil.
The ice devil is moderately wounded.
The ice devil closely misses you. You furiously retaliate!
You headbutt the ice devil. The shadow imp closely misses you.
You furiously retaliate!
You headbutt the shadow imp.
Unknown command.
You completely miss the ice devil.
You claw the ice devil, but do no damage.
The ice devil is moderately wounded.
Your transformation is almost over.
The ice devil hits you!
You feel threatened and lose the ability to read scrolls!
* * * LOW HITPOINT WARNING * * *
The ice devil freezes you!!
You die...

.#..... #..# #.#
#......# .##...
#.## ##.###.######
..##.#####.#
#..##....##
...#'#.....#
#.........#
.......)##.#
#..######.#
.......###.# #..#
.# .......#[#.#
#..# #
..#...#'.#..####4.#
.......#.#....?5@.#
.......###..####5.#
........##.## #....
...#+#.....#
#......
..##.#####.#
######## )##...#..#
# )#......##
.######## .........


You could see an ice devil (summoned), an iron imp (summoned) and a shadow imp
(summoned).

Vanquished Creatures
  2 phantoms (D:4)
  4 elf zombies (Ossuary)
  A howler monkey (D:4)
  A centaur zombie (Ossuary)
  2 orc priests (D:4)
  Crazy Yiuf (D:3)
  2 hounds (D:4)
  4 human zombies (Ossuary)
  A sleepcap (D:4)
  Jessica (D:2)
  3 iguanas (D:4)
  2 hound zombies (Ossuary)
  3 mummies (Ossuary)
  2 adders
  A white imp (D:4)
  3 adder zombies (Ossuary)
  A worm (D:2)
  A dart slug (D:4)
  16 orcs
  12 bats
  11 endoplasms
  9 goblins
  4 hobgoblins
  4 quokkas
  4 ball pythons
  3 frilled lizards
  A goblin zombie (D:4)
  4 hobgoblin zombies (Ossuary)
  3 jackal zombies (Ossuary)
  14 kobolds
  4 kobold zombies (Ossuary)
  2 orc zombies (Ossuary)
  7 quokka zombies
  3 rats
  3 rat zombies (Ossuary)
139 creatures vanquished.

Vanquished Creatures (others)
  An elf zombie (Ossuary)
1 creature vanquished.

Grand Total: 140 creatures vanquished

Notes
Turn   | Place    | Note
-------+----------+-------------------------------------------
     0 | D:1      | monsoonserge the Minotaur Chaos Knight began the quest for
                  | the Orb.
     0 | D:1      | Reached XP level 1. HP: 19/19 MP: 0/0
    44 | D:1      | XOM: divination: detect items
    84 | D:1      | Got the Anthology of Viridian Forms
   101 | D:1      | XOM: silly message
   110 | D:1      | Reached XP level 2. HP: 26/27 MP: 1/1
   120 | D:1      | Learned a level 1 spell: Beastly Appendage
   547 | D:1      | XOM: 1-stop teleportation journey
   584 | D:1      | Reached XP level 3. HP: 32/33 MP: 2/2
   741 | D:1      | XOM: give mutation
   741 | D:1      | Gained mutation: You occasionally lose the ability to read
                  | scrolls when taking damage. [Xom's mischief]
   945 | D:2      | XOM: divination: magic mapping
  1150 | D:2      | XOM: cloud trail
  1285 | D:2      | Noticed Jessica
  1288 | D:2      | Killed Jessica
  1289 | D:2      | Reached XP level 4. HP: 41/41 MP: 3/3
  1300 | D:2      | Learned a level 2 spell: Wereblood
  1427 | D:2      | Reached skill level 1 in Transmutations
  1502 | D:2      | XOM: scenery: create altars
  1644 | D:3      | Found a shimmering blue altar of Sif Muna.
  1645 | D:3      | Found an opulent altar of Gozag.
  1780 | D:3      | XOM: give mutation
  1780 | D:3      | Gained mutation: You are strong-willed. (Will+) [Xom's
                  | grace]
  1796 | D:3      | XOM: scenery: summon butterflies
  1868 | D:3      | XOM: scenery: summon butterflies
  1904 | D:3      | Found a runed translucent door.
  1905 | D:3      | Noticed Crazy Yiuf
  1914 | D:3      | Killed Crazy Yiuf
  2047 | D:3      | Found a runed translucent gate.
  2047 | D:3      | Found a runed translucent gate.
  2047 | D:3      | Found a runed translucent gate.
  2048 | D:3      | Noticed a kobold brigand
  2048 | D:3      | Noticed Fractals's ghost (amateur OpEE)
  2056 | D:3      | Reached XP level 5. HP: 46/47 MP: 2/4
  2163 | D:4      | Reached skill level 1 in Spellcasting
  2206 | D:4      | Noticed a phantom
  2208 | D:4      | XOM: cleaving
  2212 | D:4      | Killed a phantom
  2213 | D:4      | Reached skill level 2 in Staves
  2213 | D:4      | Reached XP level 6. HP: 47/55 MP: 4/6
  2250 | D:4      | XOM: scenery: 1 doors close
  2320 | D:4      | Found a staircase to the Ecumenical Temple.
  2333 | D:4      | Reached skill level 5 in Fighting
  2334 | D:4      | XOM: polymorph hound -> howler monkey
  2339 | D:4      | XOM: smoke on damage
  2341 | D:4      | Reached skill level 3 in Staves
  2347 | D:4      | Identified the +0 ring mail of the Playwright {Fly Int+2}
  2351 | Temple   | XOM: noise
  2351 | Temple   | Entered the Ecumenical Temple
  2412 | Temple   | XOM: silly message
  2498 | D:4      | Reached XP level 7. HP: 44/61 MP: 5/7
  2717 | D:4      | XOM: give mutations
  2717 | D:4      | Lost mutation: You are strong-willed. (Will+) [Xom's
                  | mischief]
  2717 | D:4      | Gained mutation: You passively dampen the noise of your
                  | surroundings. [Xom's mischief]
  2729 | D:4      | XOM: stat loss: -1 Int (10/11)
  2740 | D:4      | Reached skill level 4 in Staves
  2740 | D:4      | Reached skill level 5 in Armour
  2741 | D:4      | Found a sand-covered staircase.
  2773 | Ossuary  | Entered an ossuary
  2828 | Ossuary  | Reached skill level 5 in Staves
  2897 | Ossuary  | XOM: summons 4 hostile shadow creatures
  2988 | Ossuary  | XOM: blink monster(s)
  3051 | Ossuary  | XOM: stat loss: -1 Dex (9/10)
  3066 | Ossuary  | XOM: noise
  3068 | Ossuary  | XOM: divine lightning
  3069 | Ossuary  | Reached skill level 6 in Staves
  3074 | Ossuary  | XOM: confusion
  3097 | Ossuary  | Reached XP level 8. HP: 61/70 MP: 8/8
  3164 | Ossuary  | Reached skill level 7 in Staves
  3293 | D:4      | XOM: noise
  3345 | D:4      | XOM: summons 3 hostile demons
  3346 | D:4      | Noticed an ice devil
  3351 | D:4      | Slain by an ice devil

Illustrated notes

Levels and vault maps discovered:
D:1:      wander_arrival_abandoned_jail, layout_basic
D:2:      layout_loops_ring, minmay_misc_feat_square, uniq_jessica
D:3:      layout_basic, jmf_multi_god_temple, gammafunk_ghost_nasty_kobolds,
          minivault_25, uniq_crazy_yiuf_cottage
D:4:      layout_basic, general_overflow_altar, minmay_temple_entry_ruins,
          enter_ossuary_4, minmay_pentangle
Temple:   pf_slimified_temple

Skill      XL: |  1  2  3  4  5  6  7  8 |
---------------+-------------------------+-----
Fighting       | 4 5 6 |  6.1
Axes           | 4 |  4.1
Armour         | 3 4 5 |  5.0
Transmutations | 1 2 |  2.0
Dodging        | 2 3 |  3.3
Spellcasting   | 1 |  1.0
Staves         | 2 3 6 7 |  7.0
Maces & Flails | |  0.9
Polearms       | |  0.9

Action                     |  1- 3 |  4- 6 |  7- 9 || total
---------------------------+-------+-------+-------++-------
  Melee: Hand axe          |    65 |       |       ||    65
         Headbutt          |    13 |     8 |    28 ||    49
         Punch             |     1 |     1 |       ||     2
         Whip              |    23 |    15 |       ||    38
         Kick              |     1 |     5 |     4 ||    10
         Quarterstaff      |       |    67 |   157 ||   224
         Spear             |       |     4 |       ||     4
   Cast: Beastly Appendage |     1 |    10 |     1 ||    12
 Armour: Leather armour    |    23 |    24 |       ||    47
         Ring mail         |       |     3 |    62 ||    65
  Dodge: Dodged            |    56 |    56 |    67 ||   179
